 Dungeon Crawl Stone Soup version 0.25.0 (webtiles) character file.

Game seed: 14096733616540433789

5064 HungrySpirit the Basher (level 10, -8/65 HPs)
             Began as a Gargoyle Fighter on June 12, 2020.
             Was an Elder of Okawaru.
             Blown up by Joseph (31 damage)
             ... with a disintegration bolt
             ... on level 10 of the Dungeon.
             The game lasted 00:14:11 (9906 turns).

HungrySpirit the Basher (Gargoyle Fighter)          Turns: 9906, Time: 00:14:12

Health: -8/65      AC: 19    Str: 23    XL:     10   Next: 56%
Magic:  8/10       EV: 14    Int:  9    God:    Okawaru [****..]
Gold:   561        SH:  6    Dex:  9    Spells: 9/9 levels left

rFire    . . .     SeeInvis .   v - +2 flail (holy)
rCold    . . .     Gourm    .   p - +0 buckler
rNeg     + + .     Faith    .   b - +0 scale mail
rPois    ∞         Spirit   .   (no helmet)
rElec    +         Reflect  .   A - +1 cloak
rCorr    .         Harm     .   (no gloves)
MR       .....                  (no boots)
Stlth    +.........             (no amulet)
HPRegen  0.20/turn              o - ring of positive energy
MPRegen  0.12/turn              (no ring)

@: heroism
A: negative energy resistance 1, electricity resistance, unbreathing,
petrification resistance, rot immunity, AC +7
a: Heroism, Renounce Religion


You were on level 10 of the Dungeon.
You worshipped Okawaru.
Okawaru was greatly pleased with you.
You were not hungry.

You visited 2 branches of the dungeon, and saw 11 of its levels.

You collected 561 gold pieces.

Inventory:

Hand Weapons
 v - a +2 flail of holy wrath (weapon)
Armour
 b - a +0 scale mail (worn)
 c - a +0 kite shield
 p - a +0 buckler (worn)
 A - a +1 cloak (worn)
Jewellery
 o - a ring of positive energy (left hand)
 s - an uncursed ring of ice
Wands
 t - a wand of random effects (18)
 y - a wand of paralysis (12)
Scrolls
 a - a scroll of random uselessness {unknown}
 e - 9 scrolls of identify {unknown}
 g - 5 scrolls of teleportation {unknown}
 j - 5 scrolls of remove curse {unknown}
 k - 2 scrolls of immolation {unknown}
 r - a scroll of blinking {unknown}
 w - a scroll of vulnerability {unknown}
 x - 3 scrolls of amnesia {unknown}
 C - a scroll of magic mapping {unknown}
Potions
 d - 3 potions of might
 h - 6 potions of heal wounds {unknown}
 i - a potion of ambrosia {unknown}
 l - a potion of resistance {unknown}
 m - 2 potions of haste {unknown}
 n - 2 potions of magic {unknown}
 q - 3 potions of mutation {unknown}
 u - a potion of stabbing {unknown}
 z - a potion of degeneration {unknown}
 B - a potion of cancellation {unknown}
Comestibles
 f - 10 rations


   Skills:
 + Level 8.5(13.5) Fighting
 * Level 10.3(15.3) Maces & Flails
 + Level 8.5(13.5) Armour
 + Level 3.3(8.3) Dodging
 - Level 5.0(10.0) Shields


You had 9 spell levels left.
You didn't know any spells.
Your spell library contained the following spells:

 Spells                   Type           Power        Failure   Level  Hunger
 Animate Skeleton         Necr           N/A          63%         1    ##.....
 Pain                     Necr           #...         63%         1    ##.....
 Confusing Touch          Hex            #.......     94%         3    ####...
 Gell's Gravitas          Tloc           #.........   94%         3    ####...
 Vampiric Draining        Necr           #.........   94%         3    ####...
 Animate Dead             Necr           N/A          100%        4    #####..
 Petrify                  Tmut/Erth      #.......     100%        4    #####..
 Agony                    Necr           #.......     100%        5    ######.
 Metabolic Englaciation   Hex/Ice        #.........   100%        5    ######.
 Yara's Violent Unravell  Hex/Tmut       #.........   100%        5    ######.


Dungeon Overview and Level Annotations

Branches:
Dungeon (10/15)            Temple (1/1) D:4            Lair (0/6) D:9
    Orc: D:9-12

Altars:
Ashenzari
Cheibriados
Dithmenos
Fedhas
Hepliaklqana
Kikubaaqudgha
Nemelex Xobeh
Okawaru
Qazlal
Sif Muna
Uskayaw
Xom
Yredelemnul
Zin

Shops:
D:5 (   D:9 %

Annotations:
D:10 Joseph


Innate Abilities, Weirdness & Mutations

You are resistant to torment.
Your stone body is resilient. (AC +7)
You are immune to poison.
You resist negative energy. (rN+)
You are resistant to electric shocks. (rElec)
You can survive without breathing.
You are immune to petrification.
You are immune to rotting.


Message History

Joseph is moderately wounded.
Joseph unwields a +0 hunting sling.
Joseph wields a +0 quarterstaff.
Joseph misses you.
You sock Joseph!
Joseph is severely wounded.
You hit Joseph.
Joseph is severely wounded.
Joseph zaps a wand.
You are blasted!
You are too injured to fight recklessly!
You are too injured to fight recklessly!
You are too injured to fight recklessly!
You barely miss Joseph.
Joseph is severely wounded.
You hit Joseph.
Joseph is severely wounded.
Joseph hits you with a +0 quarterstaff.
You sock Joseph!
Joseph is almost dead.
Joseph zaps a wand.
You are blasted!
You die...

#### #..### #....#
##....# ### #.....###
##.## ##...##.## #...
##......# ####..#
#.......# #...#.##
###....@(##
.......###.....@###
.......##........#
........#.......###
..........#.....(.#
.<.....#..............#
......####............#
......# #......#.......#
...............##@......


You could see Joseph.

Vanquished Creatures
  A centaur skeleton (D:10)
  A hornet (D:10)
  Duvessa (D:7)
  A water moccasin (D:8)
  10 ice beasts
  2 orc warriors (D:9)
  4 sky beasts
  An ogre (D:8)
  2 phantoms
  3 centaurs
  A big kobold (D:9)
  7 bullfrogs
  A gnoll sergeant (D:6)
  4 scorpions
  Dowan (D:7)
  A water moccasin skeleton (D:8)
  A howler monkey (D:6)
  3 electric eels (D:9)
  4 crimson imps
  9 hounds
  A bullfrog zombie (D:10)
  4 orc priests
  A gnoll shaman (D:6)
  Crazy Yiuf (D:7)
  Terence (D:3)
  An iguana (D:4)
  6 worker ants
  9 orc wizards
  A hound zombie (D:7)
  2 hound skeletons (D:6)
  10 adders
  7 gnolls
  3 shadow imps
  An adder zombie (D:5)
  3 adder skeletons
  A worm (D:2)
  A dart slug (D:1)
  A leopard gecko (D:3)
  34 orcs
  8 bats
  6 giant cockroaches
  8 goblins
  6 hobgoblins
  7 jackals
  2 quokkas
  3 frilled lizards
  A jackal zombie (D:6)
  14 kobolds
  A leopard gecko skeleton (D:7)
  7 rats
209 creatures vanquished.

Notes
Turn   | Place    | Note
-------+----------+-------------------------------------------
     0 | D:1      | HungrySpirit the Gargoyle Fighter began the quest for the
                  | Orb.
     0 | D:1      | Reached XP level 1. HP: 14/14 MP: 1/1
   210 | D:1      | Reached XP level 2. HP: 19/19 MP: 2/2
   997 | D:2      | Reached XP level 3. HP: 23/23 MP: 3/3
  1205 | D:2      | Reached skill level 3 in Maces & Flails
  1224 | D:2      | You fall into a shaft and drop 2 floors!
  1280 | D:4      | Reached XP level 4. HP: 12/29 MP: 4/4
  2195 | D:3      | Reached XP level 5. HP: 31/33 MP: 5/5
  2236 | D:3      | Reached skill level 4 in Maces & Flails
  2455 | D:3      | Noticed Terence
  2467 | D:3      | Killed Terence
  2698 | D:3      | Reached XP level 6. HP: 39/39 MP: 6/6
  3317 | D:4      | Found a staircase to the Ecumenical Temple.
  3332 | Temple   | Entered the Ecumenical Temple
  3384 | Temple   | Became a worshipper of Warmaster Okawaru
  3842 | D:4      | Found a sparkling altar of Nemelex Xobeh.
  4075 | D:5      | Entered Level 5 of the Dungeon
  4213 | D:5      | Reached skill level 5 in Maces & Flails
  4292 | D:5      | Noticed an ice beast
  4419 | D:5      | Noticed a sky beast
  4433 | D:5      | Reached XP level 7. HP: 43/44 MP: 7/7
  4440 | D:5      | Reached skill level 5 in Fighting
  4440 | D:5      | Reached skill level 5 in Armour
  4476 | D:5      | Reached * piety under Okawaru
  4650 | D:5      | Found Efeerr's Antique Weapon Shop.
  4684 | D:5      | Reached skill level 6 in Maces & Flails
  5043 | D:6      | Reached XP level 8. HP: 50/50 MP: 8/8
  5295 | D:6      | Reached skill level 5 in Shields
  5388 | D:6      | Reached skill level 7 in Maces & Flails
  5512 | D:6      | Reached ** piety under Okawaru
  5627 | D:6      | Found a shadowy altar of Dithmenos.
  6227 | D:7      | Reached XP level 9. HP: 56/56 MP: 9/9
  6255 | D:7      | Noticed Dowan
  6288 | D:7      | Killed Dowan
  6382 | D:7      | Noticed Duvessa
  6582 | D:7      | Killed Duvessa
  6582 | D:7      | Reached skill level 8 in Maces & Flails
  7015 | D:7      | Found a glowing silver altar of Zin.
  7016 | D:7      | Found a blossoming altar of Fedhas.
  7016 | D:7      | Found a shimmering blue altar of Sif Muna.
  7019 | D:7      | Found a stormy altar of Qazlal.
  7019 | D:7      | Found a snail-covered altar of Cheibriados.
  7021 | D:7      | Found a basalt altar of Yredelemnul.
  7022 | D:7      | Found a shattered altar of Ashenzari.
  7227 | D:7      | Found a runed translucent door.
  7228 | D:7      | Noticed Crazy Yiuf
  7299 | D:7      | Killed Crazy Yiuf
  7426 | D:8      | Found a hazy altar of Hepliaklqana.
  7474 | D:8      | Reached skill level 1 in Dodging
  7660 | D:8      | Reached *** piety under Okawaru
  7660 | D:8      | Reached skill level 9 in Maces & Flails
  8070 | D:9      | Found Ocwulodu's Food Emporium.
  8207 | D:9      | Found a staircase to the Lair.
  8356 | D:9      | Reached XP level 10. HP: 61/64 MP: 10/10
  9364 | D:9      | Reached skill level 10 in Maces & Flails
  9401 | D:10     | Entered Level 10 of the Dungeon
  9453 | D:10     | Reached **** piety under Okawaru
  9754 | D:10     | Noticed a two-headed ogre
  9886 | D:10     | Noticed Joseph
  9906 | D:10     | Blown up by Joseph

Illustrated notes

Levels and vault maps discovered:
D:1:      wander_arrival_lonely_grave, layout_basic
D:2:      layout_basic, minmay_statues_item
D:3:      layout_basic, first_ration, uniq_terence
D:4:      layout_cave_pods, nemelex_xobeh_ov_fountains_minmay,
          minmay_temple_entry_waves
D:5:      layout_rooms, serial_shops, shop
D:6:      layout_loops_ring, grunt_dithmenos_shadows, kennysheep_generic_room_4
D:7:      layout_rooms, grunt_temple_overflow_open, uniq_crazy_yiuf_cottage,
          uniq_duvessa
D:8:      layout_cave_pools, kennysheep_little_box
D:9:      minmay_twisted_water, layout_irregular_city, lair_entry_dummy,
          serial_shops, shop
D:10:     minmay_separated_statues, layout_cave_pools, uniq_joseph
Temple:   hc_temple_tempest_star

Skill      XL: |  1  2  3  4  5  6  7  8  9 10 |
---------------+-------------------------------+-----
Maces & Flails | 3 4 5 6 7 9 10 | 10.3
Fighting       | 4 5 6 7 8 |  8.5
Armour         | 4 5 6 7 8 |  8.5
Shields        | 4 5 |  5.0
Dodging        | 2 3 |  3.3

Action                   |  1- 3 |  4- 6 |  7- 9 | 10-12 || total
-------------------------+-------+-------+-------+-------++-------
Melee: Flail             |   113 |   244 |   420 |   172 ||   949
Invok: Heroism           |       |       |     1 |     2 ||     3
Evoke: Wand              |       |       |       |     9 ||     9
 Stab: Paralysed         |       |       |       |     1 ||     1
  Eat: Chunk             |     1 |     7 |    13 |     4 ||    25
       Ration            |       |     1 |       |     1 ||     2
Armor: Scale mail        |    95 |   197 |   241 |    68 ||   601
Dodge: Dodged            |    75 |   160 |   195 |    68 ||   498
Block: Buckler           |       |       |    77 |    33 ||   110
